TOP OF THE 1ST |
University of Georgia Bulldogs batting - Pitching for University of Nebraska Cornhuskers : RHP Du Kong
|
Pitching: RHP Du Kong
|
|
Batting: RHB Jeff Wornick
|
0-0: SINGLE (Groundball, 56D, EV 108.1 MPH)
|
Batting: RHB Nate McCormick
|
0-0: Called Strike Jeff Wornick steals 2nd base 0-1: Called Strike 0-2: Strikes out swinging
|
Batting: RHB Charlie Davison
|
0-0: Called Strike Jeff Wornick steals 3rd base 0-1: Called Strike 0-2: Foul Ball, location: 2F 0-2: Ball Wild Pitch! Jeff Wornick scores 1-2: Ball 2-2: SINGLE (Line Drive, 5D, EV 97.5 MPH)
|
Batting: LHB Luis Mejia
|
0-0: Ball Charlie Davison is caught stealing 2nd base 2-6 1-0: Ball 2-0: Ball 3-0: Base on Balls
|
Batting: RHB Javier Alcorta
|
0-0: Ball 1-0: Foul Ball, location: 2F 1-1: Foul Ball, location: 2F 1-2: Foul Ball, location: 2F 1-2: Ball Luis Mejia steals 2nd base 2-2: Ground out 1-3 (Groundball, 13S, EV 68.8 MPH)
|
Top of the 1st over - 1 run, 2 hits, 0 errors, 1 left on base; University of Georgia 1 - University of Nebraska 0 |
BOTTOM OF THE 1ST |
University of Nebraska Cornhuskers batting - Pitching for University of Georgia Bulldogs : LHP Aloiki Orana
|
Pitching: LHP Aloiki Orana
|
|
Batting: RHB Chris Anthony
|
0-0: Fly out, F6 (Popup, 6, EV 58.8 MPH)
|
Batting: RHB Zion Jones
|
0-0: Ball 1-0: Swinging Strike 1-1: Foul Ball, location: 2F 1-2: Foul Ball, location: 2F 1-2: Ground out 6-3 (Groundball, 56D, EV 109.4 MPH)
|
Batting: RHB Ruben Savino
|
0-0: Called Strike 0-1: Called Strike 0-2: Reached on error, E6 (Groundball, 6M, EV 83.8 MPH)
|
Batting: RHB Nick Hernandes
|
0-0: Ball 1-0: Ball 2-0: DOUBLE (Line Drive, 78D, EV 109.4 MPH) Ruben Savino to third
|
Batting: LHB Jose Gonzalez
|
0-0: Ground out U3 (Groundball, 34, EV 85.0 MPH)
|
Bottom of the 1st over - 0 runs, 1 hit, 1 error, 2 left on base; University of Georgia 1 - University of Nebraska 0 |
TOP OF THE 2ND |
University of Georgia Bulldogs batting - Pitching for University of Nebraska Cornhuskers : RHP Du Kong
|
Batting: LHB Troy Jones
|
0-0: Swinging Strike 0-1: Ball 1-1: Ball 2-1: Ground out 5-3 (Groundball, 5, EV 77.5 MPH)
|
Batting: RHB Pete Goerge
|
0-0: DOUBLE (Line Drive, 9LS, EV 90.0 MPH)
|
Batting: LHB Casey Bass
|
0-0: Called Strike 0-1: SINGLE (Flyball, 89M, EV 85.6 MPH) Pete Goerge to third
|
Batting: LHB Milton Yeo
|
0-0: Ball 1-0: Called Strike 1-1: Fly out, F8 (Flyball, 8RD, EV 104.4 MPH) Runner from 3rd tags up, OUT at HOME! 8-2
|
Top of the 2nd over - 0 runs, 2 hits, 0 errors, 1 left on base; University of Georgia 1 - University of Nebraska 0 |
BOTTOM OF THE 2ND |
University of Nebraska Cornhuskers batting - Pitching for University of Georgia Bulldogs : LHP Aloiki Orana
|
Batting: RHB Quentin Howland
|
0-0: Fly out, F8 (Flyball, 8RD, EV 88.8 MPH)
|
Batting: RHB Mario Lopec
|
0-0: Ground out 6-3 (Groundball, 6M, EV 108.8 MPH)
|
Batting: LHB Kevin Brannon
|
0-0: Ground out 5-3 (Groundball, 56, EV 100.6 MPH)
|
Bottom of the 2nd over - 0 runs, 0 hits, 0 errors, 0 left on base; University of Georgia 1 - University of Nebraska 0 |
TOP OF THE 3RD |
University of Georgia Bulldogs batting - Pitching for University of Nebraska Cornhuskers : RHP Du Kong
|
Batting: RHB Jeff Wornick
|
0-0: Ball 1-0: Foul Ball, location: 2F 1-1: Foul Ball, location: 2F 1-2: Foul Ball, location: 2F 1-2: Ground out 5-3 (Groundball, 56S, EV 90.0 MPH)
|
Batting: RHB Nate McCormick
|
0-0: Ground out 6-3 (Groundball, 6, EV 82.5 MPH)
|
Batting: RHB Charlie Davison
|
0-0: DOUBLE (Flyball, 8RXD, EV 92.5 MPH)
|
Batting: LHB Luis Mejia
|
0-0: Ball 1-0: Ball 2-0: Foul Ball, location: 2F 2-1: Ball 3-1: Called Strike 3-2: Strikes out swinging
|
Top of the 3rd over - 0 runs, 1 hit, 0 errors, 1 left on base; University of Georgia 1 - University of Nebraska 0 |
BOTTOM OF THE 3RD |
University of Nebraska Cornhuskers batting - Pitching for University of Georgia Bulldogs : LHP Aloiki Orana
|
Batting: LHB Bob Appleby
|
0-0: Ground out U3 (Groundball, 3S, EV 64.4 MPH)
|
Batting: RHB Chris Anthony
|
0-0: Ball 1-0: Ball 2-0: Ball 3-0: Called Strike 3-1: Foul Ball, location: 2F 3-2: Strikes out swinging
|
Batting: RHB Zion Jones
|
0-0: Ball 1-0: Called Strike 1-1: Foul Ball, location: 2F 1-2: Strikes out swinging
|
Bottom of the 3rd over - 0 runs, 0 hits, 0 errors, 0 left on base; University of Georgia 1 - University of Nebraska 0 |
TOP OF THE 4TH |
University of Georgia Bulldogs batting - Pitching for University of Nebraska Cornhuskers : RHP Du Kong
|
Batting: RHB Javier Alcorta
|
0-0: Ball 1-0: Foul Ball, location: 2F 1-1: Foul Ball, location: 2F 1-2: Strikes out swinging
|
Batting: LHB Troy Jones
|
0-0: Foul Ball, location: 2F 0-1: Ball 1-1: Ball 2-1: SINGLE (Line Drive, 8RS, EV 98.8 MPH)
|
Batting: RHB Pete Goerge
|
0-0: Called Strike 0-1: Ball 1-1: Ball 2-1: Grounds into double play, 4-6-3 (Groundball, 4S, EV 82.5 MPH)
|
Top of the 4th over - 0 runs, 1 hit, 0 errors, 0 left on base; University of Georgia 1 - University of Nebraska 0 |
BOTTOM OF THE 4TH |
University of Nebraska Cornhuskers batting - Pitching for University of Georgia Bulldogs : LHP Aloiki Orana
|
Batting: RHB Ruben Savino
|
0-0: Fly out, F8 (Flyball, 8LM, EV 88.8 MPH)
|
Batting: RHB Nick Hernandes
|
0-0: Ball 1-0: Called Strike 1-1: Called Strike 1-2: Ball 2-2: Strikes out swinging
|
Batting: LHB Jose Gonzalez
|
0-0: Ball 1-0: Called Strike 1-1: Ground out 4-3 (Groundball, 4, EV 103.8 MPH)
|
Bottom of the 4th over - 0 runs, 0 hits, 0 errors, 0 left on base; University of Georgia 1 - University of Nebraska 0 |
TOP OF THE 5TH |
University of Georgia Bulldogs batting - Pitching for University of Nebraska Cornhuskers : RHP Du Kong
|
Batting: LHB Casey Bass
|
0-0: Called Strike 0-1: Swinging Strike 0-2: Ball 1-2: Ball 2-2: Ball 3-2: Foul Ball, location: 2F 3-2: Foul Ball, location: 2F 3-2: Strikes out swinging
|
Batting: LHB Milton Yeo
|
0-0: Swinging Strike 0-1: Ball 1-1: Foul Ball, location: 2F 1-2: Ball 2-2: Ball 3-2: Foul Ball, location: 2F 3-2: Base on Balls
|
Batting: RHB Jeff Wornick
|
0-0: Called Strike 0-1: Ball 1-1: Ball 2-1: Fly out, F9 (Flyball, 89M, EV 83.1 MPH)
|
Batting: RHB Nate McCormick
|
0-0: Ball 1-0: Called Strike 1-1: Ground out 4-3 (Groundball, 4S, EV 86.9 MPH)
|
Top of the 5th over - 0 runs, 0 hits, 0 errors, 1 left on base; University of Georgia 1 - University of Nebraska 0 |
BOTTOM OF THE 5TH |
University of Nebraska Cornhuskers batting - Pitching for University of Georgia Bulldogs : LHP Aloiki Orana
|
Batting: RHB Quentin Howland
|
0-0: Ball 1-0: Ball 2-0: Ground out 3-1 (Groundball, 34, EV 102.5 MPH)
|
Batting: RHB Mario Lopec
|
0-0: Called Strike 0-1: Swinging Strike 0-2: Foul Ball, location: 2F 0-2: Ball 1-2: Strikes out swinging
|
Batting: LHB Kevin Brannon
|
0-0: Called Strike 0-1: Swinging Strike 0-2: Foul Ball, location: 2F 0-2: Ball 1-2: Strikes out looking
|
Bottom of the 5th over - 0 runs, 0 hits, 0 errors, 0 left on base; University of Georgia 1 - University of Nebraska 0 |
TOP OF THE 6TH |
University of Georgia Bulldogs batting - Pitching for University of Nebraska Cornhuskers : RHP Du Kong
|
Pitching: RHP Bobby Almonte
|
|
Batting: RHB Charlie Davison
|
0-0: Fly out, F8 (Flyball, 8LXD, EV 102.5 MPH)
|
Batting: LHB Luis Mejia
|
0-0: Called Strike 0-1: Swinging Strike 0-2: Foul Ball, location: 2F 0-2: Foul Ball, location: 2F 0-2: Foul Ball, location: 2F 0-2: Foul Ball, location: 2F 0-2: Foul Ball, location: 2F 0-2: Hit by Pitch
|
Batting: RHB Javier Alcorta
|
0-0: Ball 1-0: Ball 2-0: Called Strike 2-1: Called Strike 2-2: Strikes out looking
|
Batting: LHB Troy Jones
|
0-0: Foul Ball, location: 2F 0-1: Ground out 1-3 (Groundball, 15S, EV 70.6 MPH)
|
Top of the 6th over - 0 runs, 0 hits, 0 errors, 1 left on base; University of Georgia 1 - University of Nebraska 0 |
BOTTOM OF THE 6TH |
University of Nebraska Cornhuskers batting - Pitching for University of Georgia Bulldogs : LHP Aloiki Orana
|
Batting: LHB Bob Appleby
|
0-0: Foul Ball, location: 2F 0-1: Ball 1-1: Swinging Strike 1-2: Foul Ball, location: 2F 1-2: Foul Ball, location: 2F 1-2: Strikes out swinging
|
Batting: RHB Chris Anthony
|
0-0: Foul Ball, location: 2F 0-1: Ground out 6-3 (Groundball, 6S, EV 76.2 MPH)
|
Batting: RHB Zion Jones
|
0-0: Ball 1-0: Ball 2-0: Called Strike 2-1: Fly out, F9 (Flyball, 9, EV 86.2 MPH)
|
Bottom of the 6th over - 0 runs, 0 hits, 0 errors, 0 left on base; University of Georgia 1 - University of Nebraska 0 |
TOP OF THE 7TH |
University of Georgia Bulldogs batting - Pitching for University of Nebraska Cornhuskers : RHP Bobby Almonte
|
Batting: RHB Pete Goerge
|
0-0: Ball 1-0: Called Strike 1-1: Foul Ball, location: 2F 1-2: Strikes out swinging
|
Batting: LHB Casey Bass
|
0-0: Reached on error, E3 (Groundball, 34, EV 110.0 MPH)
|
Batting: LHB Milton Yeo
|
0-0: Ball 1-0: Fly out, F9 (Line Drive, 89M, EV 94.4 MPH)
|
Batting: RHB Jeff Wornick
|
0-0: Ground out 4-3 (Groundball, 4S, EV 77.5 MPH)
|
Top of the 7th over - 0 runs, 0 hits, 1 error, 1 left on base; University of Georgia 1 - University of Nebraska 0 |
BOTTOM OF THE 7TH |
University of Nebraska Cornhuskers batting - Pitching for University of Georgia Bulldogs : LHP Aloiki Orana
|
Pinch Hitting: SHB Gary Luckwell
|
0-0: Called Strike 0-1: Fly out, F3 (Popup, 34S, EV 83.8 MPH)
|
Batting: RHB Nick Hernandes
|
0-0: Ball 1-0: Ball 2-0: Ball 3-0: Called Strike 3-1: Foul Ball, location: 2F 3-2: Strikes out swinging
|
Pinch Hitting: RHB Aidan Collet
|
0-0: Ball 1-0: Swinging Strike 1-1: Called Strike 1-2: Reached on error, E6 (Groundball, 6M, EV 91.2 MPH)
|
Pinch Hitting: RHB Robby Arce
|
0-0: Ball 1-0: Ball Passed Ball! Aidan Collet to second 2-0: Swinging Strike 2-1: DOUBLE (Line Drive, 7LM, EV 104.4 MPH) Aidan Collet scores
|
Pitching: RHP Raul Ledesma
|
|
Pinch Hitting: LHB Alfonso Escalante
|
0-0: Ball 1-0: Ground out 4-3 (Groundball, 4, EV 86.2 MPH)
|
Bottom of the 7th over - 1 run, 1 hit, 1 error, 1 left on base; University of Georgia 1 - University of Nebraska 1 |
TOP OF THE 8TH |
University of Georgia Bulldogs batting - Pitching for University of Nebraska Cornhuskers : RHP Bobby Almonte
|
Pitching: RHP Santos Arevalo
|
|
Now at 1B: Aidan Collet
|
|
Now at 2B: Gary Luckwell
|
|
Now at 3B: Tim Bond
|
|
Now at SS: Rob Bryan
|
|
Pinch Hitting: LHB Andy Dyer
|
0-0: Ball 1-0: Called Strike 1-1: Foul Ball, location: 2F 1-2: Ball 2-2: Strikes out looking
|
Pinch Hitting: LHB Bryan Ross
|
0-0: SINGLE (Groundball, P, EV 83.8 MPH) (infield hit)
|
Batting: LHB Luis Mejia
|
0-0: Ball Bryan Ross is caught stealing 2nd base 2-6 1-0: Foul Ball, location: 2F 1-1: Ball 2-1: Ball 3-1: Called Strike 3-2: Foul Ball, location: 2F 3-2: Strikes out swinging
|
Top of the 8th over - 0 runs, 1 hit, 0 errors, 0 left on base; University of Georgia 1 - University of Nebraska 1 |
BOTTOM OF THE 8TH |
University of Nebraska Cornhuskers batting - Pitching for University of Georgia Bulldogs : RHP Raul Ledesma
|
Now at 2B: Jeff Wornick
|
|
Now at SS: James Warby
|
|
Now in LF: Bryan Ross
|
|
Now in RF: Casey Bass
|
|
Batting: LHB Kevin Brannon
|
0-0: Foul Ball, location: 2F 0-1: Swinging Strike 0-2: Ball 1-2: Ball 2-2: Strikes out swinging, 2-3 out at first.
|
Batting: LHB Bob Appleby
|
0-0: Ball 1-0: Foul Ball, location: 2F 1-1: Ground out 5-3 (Groundball, 56S, EV 78.8 MPH)
|
Pinch Hitting: LHB Avicenna Abdul-Muta'al
|
0-0: Ball 1-0: Ball 2-0: Foul Ball, location: 2F 2-1: Foul Ball, location: 2F 2-2: Foul Ball, location: 2F 2-2: Ground out 5-3 (Groundball, 5, EV 88.1 MPH)
|
Bottom of the 8th over - 0 runs, 0 hits, 0 errors, 0 left on base; University of Georgia 1 - University of Nebraska 1 |
TOP OF THE 9TH |
University of Georgia Bulldogs batting - Pitching for University of Nebraska Cornhuskers : RHP Santos Arevalo
|
Now in CF: Andy Henn
|
|
Batting: RHB Javier Alcorta
|
0-0: Ball 1-0: Ball 2-0: Ball 3-0: Called Strike 3-1: Foul Ball, location: 2F 3-2: Foul Ball, location: 2F 3-2: Fly out, F9 (Line Drive, 89M, EV 86.2 MPH)
|
Pinch Hitting: RHB Pat Svenson
|
0-0: Ball 1-0: Fly out, F7 (Flyball, 7D, EV 84.4 MPH)
|
Pinch Hitting: RHB Ed Howard
|
0-0: Ball 1-0: Ball 2-0: Ball 3-0: Called Strike 3-1: Base on Balls
|
Pitching: RHP Frank Saslove
|
|
Pinch Hitting: RHB Mike McElwee
|
0-0: Called Strike 0-1: Ball 1-1: Called Strike 1-2: Ground out 4-3 (Groundball, 4, EV 91.9 MPH)
|
Top of the 9th over - 0 runs, 0 hits, 0 errors, 1 left on base; University of Georgia 1 - University of Nebraska 1 |
BOTTOM OF THE 9TH |
University of Nebraska Cornhuskers batting - Pitching for University of Georgia Bulldogs : RHP Raul Ledesma
|
Now at 1B: Mike McElwee
|
|
Now in CF: Edwin Zavala
|
|
Now in RF: Ed Howard
|
|
Pinch Hitting: SHB Kent Worboys
|
0-0: Fly out, F4 (Popup, 23, EV 89.4 MPH)
|
Batting: SHB Gary Luckwell
|
0-0: Called Strike 0-1: Ground out 4-3 (Groundball, 4, EV 84.4 MPH)
|
Pinch Hitting: RHB David Arevalo
|
0-0: Called Strike 0-1: Ball 1-1: Foul Ball, location: 2F 1-2: Ball 2-2: Strikes out swinging
|
Bottom of the 9th over - 0 runs, 0 hits, 0 errors, 0 left on base; University of Georgia 1 - University of Nebraska 1 |
TOP OF THE 10TH |
University of Georgia Bulldogs batting - Pitching for University of Nebraska Cornhuskers : RHP Frank Saslove
|
Now at C: Will England
|
|
Now in LF: David Arevalo
|
|
Now in RF: Bob Appleby
|
|
Batting: RHB Albert Rodriguez
|
0-0: Ball 1-0: Swinging Strike 1-1: Called Strike 1-2: SINGLE (Line Drive, 8LS, EV 110.6 MPH)
|
Pinch Hitting: RHB Salvatore Jaime
|
0-0: Called Strike 0-1: Bunt missed! 0-2: Ball 1-2: Ball 2-2: Ball 3-2: Base on Balls Albert Rodriguez to second
|
Batting: RHB James Warby
|
0-0: Ball 1-0: Foul Ball, location: 2F 1-1: SINGLE (Groundball, 5D, EV 106.9 MPH) Albert Rodriguez to third Salvatore Jaime to second
|
Batting: LHB Bryan Ross
|
0-0: Ball 1-0: Foul Ball, location: 2F 1-1: Ball 2-1: Ball 3-1: Grounds into fielders choice 4-2 (Groundball, 13, EV 82.5 MPH) Salvatore Jaime to third James Warby to second
|
Pitching: LHP Nate Wood
|
|
Batting: LHB Luis Mejia
|
0-0: Grounds into fielders choice 1-2 (Groundball, 13S, EV 71.2 MPH) James Warby to third Bryan Ross to second
|
Batting: RHB Javier Alcorta
|
0-0: Called Strike 0-1: Foul Ball, location: 2F 0-2: Strikes out swinging
|
Top of the 10th over - 0 runs, 2 hits, 0 errors, 3 left on base; University of Georgia 1 - University of Nebraska 1 |
BOTTOM OF THE 10TH |
University of Nebraska Cornhuskers batting - Pitching for University of Georgia Bulldogs : RHP Raul Ledesma
|
Pitching: LHP Danny Montoya
|
|
Now at 2B: John Maitland
|
|
Batting: RHB Aidan Collet
|
0-0: Called Strike 0-1: Ground out U3 (Groundball, 3, EV 88.1 MPH)
|
Batting: RHB Rob Bryan
|
0-0: Ball 1-0: Foul Ball, location: 2F 1-1: Ball 2-1: Ball 3-1: Base on Balls
|
Pinch Hitting: RHB Jason Blakeley
|
0-0: Ball Rob Bryan is caught stealing 2nd base 2-4 1-0: Foul Ball, location: 2F 1-1: Ball 2-1: DOUBLE (Flyball, 8LXD, EV 106.2 MPH)
|
Batting: RHB Tariq Garane
|
0-0: Intentional Walk
|
Pinch Hitting: RHB Salvador Guillen
|
0-0: Ball 1-0: Swinging Strike 1-1: Foul Ball, location: 2F 1-2: Fielders Choice at 2nd, 6-4 (Groundball, 6, EV 85.0 MPH)
|
Bottom of the 10th over - 0 runs, 1 hit, 0 errors, 2 left on base; University of Georgia 1 - University of Nebraska 1 |
TOP OF THE 11TH |
University of Georgia Bulldogs batting - Pitching for University of Nebraska Cornhuskers : LHP Nate Wood
|
Now at 3B: Alex Garcia
|
|
Now in RF: Salvador Guillen
|
|
Pinch Hitting: RHB Tony Cameron
|
0-0: Foul Ball, location: 2F 0-1: Swinging Strike 0-2: Ball 1-2: Strikes out swinging
|
Batting: RHB Ed Howard
|
0-0: Ball 1-0: Swinging Strike 1-1: Ball 2-1: Called Strike 2-2: Strikes out looking
|
Batting: RHB Mike McElwee
|
0-0: Called Strike 0-1: Foul Ball, location: 2F 0-2: Foul Ball, location: 2F 0-2: Strikes out looking
|
Top of the 11th over - 0 runs, 0 hits, 0 errors, 0 left on base; University of Georgia 1 - University of Nebraska 1 |
BOTTOM OF THE 11TH |
University of Nebraska Cornhuskers batting - Pitching for University of Georgia Bulldogs : LHP Danny Montoya
|
Pitching: RHP Lev Rozinov
|
|
Now in CF: Josh Cavaleri
|
|
Batting: SHB Andy Henn
|
0-0: Ball 1-0: Foul Ball, location: 2F 1-1: Ball 2-1: Ball 3-1: Swinging Strike 3-2: Reached on error, E4 (Groundball, 4, EV 88.1 MPH)
|
Pinch Hitting: LHB Stu Proulx
|
0-0: Fly out, F8 (Line Drive, 78M, EV 86.9 MPH)
|
Batting: SHB Gary Luckwell
|
0-0: Intentional Walk
|
Batting: RHB David Arevalo
|
0-0: Ball 1-0: Foul Ball, location: 2F 1-1: Ball 2-1: Ball 3-1: Foul Ball, location: 2F 3-2: Strikes out looking
|
Batting: RHB Aidan Collet
|
0-0: Ground out U3 (Groundball, 3L, EV 80.6 MPH)
|
Bottom of the 11th over - 0 runs, 0 hits, 1 error, 2 left on base; University of Georgia 1 - University of Nebraska 1 |
TOP OF THE 12TH |
University of Georgia Bulldogs batting - Pitching for University of Nebraska Cornhuskers : LHP Nate Wood
|
Now at C: Phil Roper
|
|
Batting: RHB Albert Rodriguez
|
0-0: Ground out 4-3 (Groundball, 4M, EV 101.9 MPH)
|
Batting: LHB John Maitland
|
0-0: Ball 1-0: Ball 2-0: Ball 3-0: Called Strike 3-1: Called Strike 3-2: Fly out, F6 (Popup, 56, EV 63.8 MPH)
|
Pitching: RHP Dana Buker
|
|
Batting: RHB James Warby
|
0-0: Called Strike 0-1: Called Strike 0-2: Ball 1-2: SOLO HOME RUN (Flyball, 78XD, EV 106.2 MPH), Distance : 415 ft
|
Batting: LHB Bryan Ross
|
0-0: Called Strike 0-1: Ball 1-1: Ball 2-1: SINGLE (Line Drive, 4MD, EV 96.2 MPH)
|
Batting: LHB Luis Mejia
|
0-0: Foul Ball, location: 2F 0-1: Called Strike 0-2: Foul Ball, location: 9LSF, Error on foul ball, E9 0-2: Ball 1-2: Foul Ball, location: 2F 1-2: Ball Bryan Ross steals 2nd base 2-2: Ball 3-2: Foul Ball, location: 2F 3-2: Foul Ball, location: 2F 3-2: Ground out 6-3 (Groundball, 56, EV 115.6 MPH)
|
Top of the 12th over - 1 run, 2 hits, 1 error, 1 left on base; University of Georgia 2 - University of Nebraska 1 |
BOTTOM OF THE 12TH |
University of Nebraska Cornhuskers batting - Pitching for University of Georgia Bulldogs : RHP Lev Rozinov
|
Batting: RHB Rob Bryan
|
0-0: Ball 1-0: Foul Ball, location: 2F 1-1: Called Strike 1-2: Foul Ball, location: 2F 1-2: Fly out, F7 (Line Drive, 7, EV 94.4 MPH)
|
Pinch Hitting: RHB Jeremy Weaver
|
0-0: SINGLE (Flyball, 9LD, EV 106.9 MPH)
|
Batting: RHB Tariq Garane
|
0-0: Swinging Strike 0-1: Ball 1-1: Called Strike 1-2: Ball 2-2: Ball 3-2: Fielders Choice at 2nd, 2-4 (Groundball, 2L, EV 73.8 MPH)
|
Batting: RHB Salvador Guillen
|
0-0: Ball 1-0: Foul Ball, location: 2F 1-1: Called Strike 1-2: Foul Ball, location: 2F 1-2: SINGLE (Groundball, 56, EV 100.0 MPH) Tariq Garane to second Runner from 2nd tries for 3rd, SAFE, throw by LF made to third
|
Pitching: RHP Bi`nh Heng
|
|
Batting: SHB Andy Henn
|
0-0: Called Strike 0-1: Fielders Choice at 2nd, 6-4 (Groundball, 6, EV 86.9 MPH)
|
Bottom of the 12th over - 0 runs, 2 hits, 0 errors, 2 left on base; University of Georgia 2 - University of Nebraska 1 |
|